 Dungeon Crawl Stone Soup version 0.27.1 (webtiles) character file.

Game seed: 5076651899415367227

55 Descartes the Sneak (level 3, -5/17 HPs)
             Began as a Felid Delver on Sept 2, 2021.
             Killed by divine providence
             ... invoked by an orc priest
              (11 damage)
             ... on level 5 of the Dungeon.
             The game lasted 00:00:49 (287 turns).

Descartes the Sneak (Felid Delver)                   Turns: 287, Time: 00:00:49

Health: -5/17      AC:  1    Str:  9    XL:     3   Next: 67%
Magic:  4/4        EV: 18    Int: 11    God:
Gold:   0          SH:  0    Dex: 17    Spells: 2/2 levels left
                                        Lives:  0   Deaths: 0

rFire    . . .     SeeInvis +     - Unarmed
rCold    . . .     Faith    .   (shield unavailable)
rNeg     . . .     Spirit   .   (armour unavailable)
rPois    .         Reflect  .   (helmet unavailable)
rElec    .         Harm     .   (cloak unavailable)
rCorr    .         Rampage  .   (gloves unavailable)
Will     .....                  (boots unavailable)
Stlth    ++++......             (no amulet)
HPRegen  0.05/turn              (no ring)
MPRegen  0.09/turn              (no ring)

@: quick
A: very small, claws 1, fangs 3, see invisible, speed 1, shaggy fur 1, stealthy
paws, no weapons or thrown items, no armour, multi-lived
a: no special abilities


You were on level 5 of the Dungeon.
You visited 1 branch of the dungeon, and saw 1 of its levels.

Inventory:

Wands
 e - a wand of digging (3)
Scrolls
 a - a scroll of fog
 b - a scroll of magic mapping
 c - a scroll of fear
 f - a scroll of noise {unknown}
Potions
 d - a potion of haste
 g - a potion of heal wounds {unknown}
 h - a potion of might {unknown}
 i - a potion of brilliance {unknown}


   Skills:
 - Level 3.0 Fighting
 + Level 3.5 Dodging
 * Level 7.6 Stealth
 + Level 2.6 Unarmed Combat


You had 2 spell levels left.
You didn't know any spells.
Your spell library was empty.

Dungeon Overview and Level Annotations

Branches:
Dungeon (5/15)
 Temple: D:4-7

Altars:

Annotations:
D:5 Dowan, Duvessa


Innate Abilities, Weirdness & Mutations

You have sharp claws.
You have razor-sharp teeth.
You have supernaturally acute eyesight. (SInv)
You cover ground quickly. (Speed+)
You are covered in fur. (AC +1)
Your paws help you pounce on unaware monsters.
You are incapable of wielding weapons or throwing items.
You cannot wear armour.
You gain extra lives every three experience levels.


Message History

The iguana closely misses you.
You closely miss the iguana.
The iguana is severely wounded.
The iguana closely misses you.
You completely miss the iguana.
The iguana is severely wounded.
You scratch the iguana.
The iguana is almost dead.
The iguana misses you.
You scratch the iguana.
You kill the iguana!
No target in view!
No target in view!
HP restored.
f - a scroll labelled KUCOEWN IGGU
Found 8 gold pieces.
Found a stone staircase leading up.
Found a white potion.
There is a stone staircase leading up here.
Found a smoky ruby potion and a ruby potion.
g - a white potion 2 orc priests come into view.
An orc priest is wielding a +1 falchion of freezing.
You see here a smoky ruby potion.
h - a smoky ruby potion You see here a ruby potion.
i - a ruby potion You closely miss the orc priest.
You scratch the orc priest but do no damage.
The orc priest barely misses you.
You closely miss the orc priest.
The orc priest hits you with a +1 falchion of freezing!
The orc priest freezes you.
You scratch the orc priest but do no damage.
The orc priest barely misses you.
The orc priest begins to cast a cantrip, but forgets the words!
The orc priest looks encouraged for a moment.
The orc priest invokes the aid of Beogh against you.
Beogh smites you!
Ouch! That really hurt!
You die...

........# .......#
.......#########.##...##
.......................
.......###.......##..#
.......# #.......##..#
.†.....###....<......###.#.
...............$...........
.......###.......##..###.#.
.......###......@....#
.................##..#####.
.................##........
....#####........##......o.
##... .........##..#####.
#... .........o##........
...# #.#........##..#####.
..... .......#...##..# ..#.
.#..#..#.......#


You could see an orc priest.

Vanquished Creatures
  A bullfrog zombie (D:5)
  An iguana (D:5)
2 creatures vanquished.

Notes
Turn   | Place    | Note
-------+----------+-------------------------------------------
     0 | D:5      | Descartes the Felid Delver began the quest for the Orb.
     0 | D:5      | Reached XP level 1. HP: 10/10 MP: 2/2
     0 | D:5      | Noticed Duvessa
     0 | D:5      | Noticed Dowan
    22 | D:5      | Reached skill level 7 in Stealth
    22 | D:5      | Reached XP level 2. HP: 5/14 MP: 3/3
    22 | D:5      | Reached XP level 3. HP: 6/17 MP: 4/4
   287 | D:5      | Killed from afar by an orc priest

Illustrated notes

Levels and vault maps discovered:
D:5:      layout_basic, grunt_dithmenos_smoke, old_standard_altar,
          nicolae_vehumet_radiance, minmay_temple_entry_gardened_gates,
          serial_shops, kennysheep_little_box, goddamned_bats, uniq_edmund,
          uniq_duvessa

Skill      XL: |  1 |
---------------+----+-----
Dodging        | 3 |  3.5
Stealth        | 7 |  7.6
Fighting       | |  3.0
Unarmed Combat | |  2.6

Action                   || total
-------------------------++-------
Melee: Unarmed           ||    24
 Stab: Distracted        ||     1
Dodge: Dodged            ||    20
